 Dungeon Crawl Stone Soup version 0.25-a0-166-g16436c4407 (webtiles) character file.

Game seed: 981508071977011339, levelgen mode: deterministic

38 D1HalberdGnoll the Poker (level 3, -1/28 HPs)
             Began as a Merfolk Skald on Nov 24, 2019.
             Slain by an adder (3 damage)
             ... on level 2 of the Dungeon.
             The game lasted 00:01:49 (1675 turns).

D1HalberdGnoll the Poker (Merfolk Skald)            Turns: 1675, Time: 00:01:49

Health: -1/28      AC:  5    Str: 10 (12) XL:     3   Next: 43%
Magic:  6/6        EV: 11    Int: 10 (12) God:
Gold:   55         SH:  0    Dex: 10 (13) Spells: 5/6 levels left

rFire    . . .     SeeInvis .   a - +0 spear
rCold    . . .     Gourm    .   (no shield)
rNeg     . . .     Faith    .   e - +0 ring mail
rPois    .         Spirit   .   (no helmet)
rElec    .         Reflect  .   (no cloak)
rCorr    .         Harm     .   (no gloves)
MR       .....                  (no boots)
Stlth    ..........             (no amulet)
HPRegen  0.09/turn              (no ring)
MPRegen  0.10/turn              (no ring)

@: lethally poisoned (-1 -> -4), flying
A: change form in water, swift swim, stealthy swim
a: no special abilities


You were on level 2 of the Dungeon.
You were hungry.

You visited 1 branch of the dungeon, and saw 2 of its levels.

You collected 55 gold pieces.

Inventory:

Hand Weapons
 a - a +0 spear (weapon)
Missiles
 j - 4 silver javelins (quivered)
Armour
 e - a +0 ring mail (worn)
Scrolls
 c - a scroll of enchant weapon
 f - a scroll of enchant armour {unknown}
 g - a scroll of identify
 i - a scroll of magic mapping {unknown}
Comestibles
 d - 5 rations
 k - 4 chunks of flesh


   Skills:
 + Level 2.8 Fighting
 * Level 4.4 Polearms
 - Level 0.6 Armour
 + Level 3.3 Dodging
 - Level 2.0 Spellcasting
 - Level 3.2 Charms


You had 5 spell levels left.
You knew the following spells:

 Your Spells              Type           Power        Failure   Level  Hunger
a - Infusion              Chrm           #...         22%         1    ##.....

Your spell library contained the following spells:

 Spells                   Type           Power        Failure   Level  Hunger
 Song of Slaying          Chrm           #.......     32%         2    ###....
 Shroud of Golubria       Chrm/Tloc      #.....       54%         2    ###....
 Animate Skeleton         Necr           N/A          63%         1    ##.....
 Apportation              Tloc           #.....       63%         1    ##.....
 Confusing Touch          Hex            #.....       63%         1    ##.....
 Summon Small Mammal      Summ           #...         63%         1    ##.....
 Regeneration             Chrm/Necr      #.........   77%         3    ####...
 Spectral Weapon          Hex/Chrm       #.......     77%         3    ####...


Dungeon Overview and Level Annotations

Branches:
Dungeon (2/15)

Altars:
Ashenzari


Message History

* * * LOW HITPOINT WARNING * * *
It was a potion of degeneration.
There was something very wrong with that liquid.
You feel weakened.
You feel dopey.
You feel clumsy. The adder barely misses you. The adder bites you.
* * * LOW HITPOINT WARNING * * *
As you read the scroll labeled AHAMOS JUAH, it crumbles to dust.
It is a scroll of identify.
c - a scroll of enchant weapon The adder barely misses you.
* * * LOW HITPOINT WARNING * * *
You feel sick. The worm barely misses you. The adder barely misses you.
* * * LOW HITPOINT WARNING * * *
You feel sick.
You see here a ration.
d - 5 rations (gained 1)
The adder closely misses you. The adder bites you.
You die...

#.#.#####
#.#).##'##.... #.#.
#. #.#..# ..#... #
. #.####....# .....
## .......##.#
...###
.......#⌠.##'.#.⌠#.
..................
#..#####.......##
#..#...#.......#
#@.#..w+..._...+
#Sw#...#.......#
#...####.......#
#...............#
#......⌠.##+#..⌠#
###...#### ####
##$....# #.....#
###...#


You could see a worm and an adder.

Vanquished Creatures
  2 dart slugs
  A leopard gecko (D:1)
  2 giant cockroaches (D:1)
  7 goblins
  4 hobgoblins
  2 jackals (D:1)
  5 kobolds
  A ball python (D:1)
  2 bats
  4 rats
30 creatures vanquished.

Vanquished Creatures (others)
  A leopard gecko (D:1)
1 creature vanquished.

Grand Total: 31 creatures vanquished

Notes
Turn   | Place    | Note
-------+----------+-------------------------------------------
     0 | D:1      | D1HalberdGnoll the Merfolk Skald began the quest for the
                  | Orb.
     0 | D:1      | Reached XP level 1. HP: 16/16 MP: 3/3
   385 | D:1      | Reached XP level 2. HP: 20/23 MP: 5/5
   873 | D:1      | Reached skill level 4 in Polearms
   976 | D:1      | Reached XP level 3. HP: 26/28 MP: 6/6
  1545 | D:2      | Found a shattered altar of Ashenzari.
  1675 | D:2      | Slain by an adder

Levels and vault maps discovered:
D:1:      shiori_arrival_oz, layout_basic
D:2:      layout_basic, evilmike_ruin_ashenzari,
          chequers_ecumenical_altar_island, first_ration, uniq_robin

Skill      XL: |  1  2 |
---------------+-------+-----
Dodging        | 3 |  3.3
Polearms       | 4 |  4.4
Fighting       | |  2.8
Armour         | |  0.6
Spellcasting   | |  2.0
Charms         | |  3.2

Action                   || total
-------------------------++-------
Melee: Spear             ||   138
 Cast: Infusion          ||     3
  Use: Potion            ||     2
       Scroll            ||     1
  Eat: Chunk             ||     2
Armor: Leather armour    ||    13
       Ring mail         ||    14
Dodge: Dodged            ||    67

Table legend:
 A = Non-vault XP
 B = Vault XP
 C = Vault XP percentage of total XP
 D = Non-vault monster count
 E = Vault monster count
 F = Vault count percentage of total count
                 A         B        C        D         E       F
            +---------+---------+-------+---------+---------+-------
      Total |      53 |       2 |   3.6 |      29 |       1 |   3.3
            +---------+---------+-------+---------+---------+-------
        D:1 |      36 |       2 |   5.3 |      20 |       1 |   4.8
        D:2 |      17 |       0 |   0.0 |       9 |       0 |   0.0
            +---------+---------+-------+---------+---------+-------
